 Dungeon Crawl Stone Soup version 0.31.0-9-g3a7656b989 (webtiles) character file.

Game seed: 182456963975535908

2268 qw the Skirmisher (level 9, -1/52 HPs)
             Began as a Deep Elf Hunter on Feb 2, 2024.
             Was an Initiate of Okawaru.
             Killed from afar by an orc wizard (6 damage)
             ... with a puff of flame
             ... on level 7 of the Dungeon.
             The game lasted 00:00:23 (5939 turns).

qw the Skirmisher (Deep Elf Hunter)                 Turns: 5939, Time: 00:00:24

Health: -1/52      AC:  9    Str: 12    XL:     9   Next: 16%
Magic:  11/11      EV: 13    Int: 15    God:    Okawaru [......]
Gold:   434        SH:  5    Dex: 18    Spells: 8/8 levels left

rFire   . . .        a - +3 shortbow (heavy)
rCold   . . .        (shield currently unavailable)
rNeg    . . .        f - +0 ring mail
rPois   +            b - +0 helmet
rElec   .            g - +0 cloak of an ice cave {rPois rCorr}
rCorr   +            k - +1 pair of gloves
SInv    .            (no boots)
Will    .....        u - amulet of reflection
Stlth   +            (no ring)
HPRegen 0.28/turn    (no ring)
MPRegen 0.12/turn

%: reflection
@: about to teleport
A: no striking features
a: Renounce Religion


You were on level 7 of the Dungeon.
You worshipped Okawaru.
Okawaru was noncommittal.
You visited 2 branches of the dungeon, and saw 8 of its levels.
You also visited: Sewer.

You collected 434 gold pieces.


   Skills:
 - Level 4.0 Fighting
 - Level 14.0 Ranged Weapons
 - Level 2.0 Armour
 + Level 5.5 Dodging
 - Level 1.2 Stealth


You had 8 spell levels left.
You didn't know any spells.
Your spell library was empty.

Inventory:

Hand Weapons
 a - a +3 heavy shortbow (weapon)
Armour
 b - a +0 helmet (worn)
 d - the +0 cloak of the Original Sin {rElec}
   (You found it on level 2 of the Dungeon)

   rElec:     It insulates you from electricity.
 f - a +0 ring mail (worn)
 g - the +0 cloak of an ice cave (worn) {rPois rCorr}
   (You found it on level 5 of the Dungeon)

   rPois:     It protects you from poison rCorr: It protects you from acid and
   corrosion.
 k - a +1 pair of gloves (worn)
Jewellery
 j - a ring of ice
 r - a ring of ice
 u - an amulet of reflection (around neck)
Wands
 i - a wand of paralysis (1)
 t - a wand of mindburst (11)
Scrolls
 h - 2 scrolls of teleportation
 v - a scroll of identify
Potions
 c - a potion of might
 e - 5 potions of curing
 l - 2 potions of resistance
 m - a potion of cancellation {unknown}
 n - a potion of enlightenment {unknown}
 o - 2 potions of haste
 p - a potion of brilliance {unknown}
 q - a potion of attraction {unknown}
 s - a potion of heal wounds {unknown}

Dungeon Overview and Level Annotations

Branches:
Dungeon (7/15)             Temple (1/1) D:6           Sewer (visited)

Altars:
Ashenzari
Cheibriados
Dithmenos
Gozag
Hepliaklqana
Kikubaaqudgha
Nemelex Xobeh
Okawaru
Qazlal
Ru
Sif Muna
Trog
Uskayaw
Wu Jian
Xom
Yredelemnul
Zin

Shops:
D:3 =

Annotations:
D:2 1 runed translucent door, Crazy Yiuf
D:5 2 transporters, qw's ghost, novice DjHu


Message History

Deactivating autopickup; reactivate with Ctrl-A.
You shoot an arrow.
The arrow closely misses the orc priest.
You shoot an arrow.
The arrow hits the orc priest but does no damage.
The orc priest is moderately wounded.
The orc priest calls down the wrath of Beogh upon you.
Beogh smites you!
An orc priest comes into view.
It is wielding a +0 club and wearing a +1 ring mail of cold resistance.
You shoot an arrow. The orc priest shouts!
The arrow hits the orc priest but does no damage.
The orc priest is moderately wounded.
The orc priest hits you with a +0 club.
The orc priest looks encouraged for a moment.
You shoot an arrow. The arrow barely misses the orc priest.
The orc priest invokes the aid of Beogh against you.
You resist with significant effort.
An orc priest comes into view. It is wielding a +0 falchion.
You shoot an arrow. The arrow barely misses the orc priest.
The orc priest mumbles some strange prayers to Beogh against you.
You resist with significant effort.
The orc priest mumbles some strange prayers to Beogh against you.
Beogh smites you!
You shoot an arrow. The arrow barely misses the orc priest.
The orc priest hits you but does no damage.
Something hits you but does no damage.
You shoot an arrow. The arrow barely misses the orc priest.
The orc priest calls down the wrath of Beogh upon you.
Pain shoots through your body!
The orc priest mumbles some strange prayers to Beogh against you.
Beogh smites you! Something barely misses you.
5939 ||| READING 3 scrolls of teleportation.
As you read the scroll of teleportation, it crumbles to dust.
You feel strangely unstable.
The orc priest miscasts a cantrip. x2
You hear some strange, mumbled words.
A puff of flame appears from out of thin air!
The puff of flame hits you.
You die...

#....#.#..###.....#####
######.#..#
#.......#####
#.#..####...##......
#.#..#.........#####
#.#..#.##..###.#
#.#..#.......#.#
#.#..#.#.....#.#
###............#.#
#....@o#.........#
#.####{#......##.# #.#
o..........# #.#
...........# #)#
o.....####.## #.#
o.#.........# #.#
..#...##....#### #.#
..#....#........ #..
..# #........


You could see 3 orc priests and an orc.

Vanquished Creatures
  Duvessa (D:5)
  A water moccasin (D:6)
  An ice beast (D:5)
  A black bear (D:6)
  A sky beast (D:6)
  2 ogres (D:4)
  A centaur (D:7)
  3 kobold brigands (Sewer)
  2 bullfrogs (D:6)
  Blork the orc (D:6)
  A gnoll sergeant (D:7)
  3 scorpions
  4 wights (D:7)
  Dowan (D:5)
  A howler monkey (D:6)
  2 hounds
  A gnoll bouda (D:7)
  An orc priest (D:3)
  3 iguanas
  Jessica (D:3)
  13 gnolls
  10 adders
  A river rat (Sewer)
  3 shadow imps (D:6)
  2 white imps
  2 dart slugs
  5 ribbon worms
  8 orcs
  12 ball pythons
  2 bats
  9 endoplasms
  2 giant cockroaches
  7 hobgoblins
  8 jackals
  3 quokkas
  5 frilled lizards
  7 goblins
  12 kobolds
  6 rats
149 creatures vanquished.

Vanquished Creatures (others)
  An arcanist (D:3)
1 creature vanquished.

Grand Total: 150 creatures vanquished

Notes
Turn   | Place    | Note
-------+----------+-------------------------------------------
     0 | D:1      | qw the Deep Elf Hunter began the quest for the Orb.
     0 | D:1      | Reached XP level 1. HP: 12/12 MP: 3/3
     0 | D:1      | 0 ||| qw: Version: 0.3-a-155-g5e7d8dd
     0 | D:1      | 0 ||| qw: Game counter: 2647
     0 | D:1      | 0 ||| qw: Melee chars always use a shield: true
     0 | D:1      | 0 ||| qw: God list: Okawaru
     0 | D:1      | 0 ||| qw: Allow faded altars: false
     0 | D:1      | 0 ||| qw: Do Orc after clearing Dungeon:15 true
     0 | D:1      | 0 ||| qw: Do second Lair branch before Depths: true
     0 | D:1      | 0 ||| qw: Lair rune preference: random
     0 | D:1      | 0 ||| qw: Goals: Normal
     0 | D:1      | 0 ||| PLANNING D:1-11
   210 | D:1      | Reached skill level 6 in Ranged Weapons
   210 | D:1      | Reached XP level 2. HP: 16/16 MP: 4/4
   469 | D:1      | Found a faded altar of an unknown god.
   723 | D:1      | 723 ||| UPGRADING to +0 ring mail.
   733 | D:1      | 733 ||| DROPPING +0 leather armour.
   734 | D:1      | 734 ||| UPGRADING to +0 pair of gloves.
   739 | D:1      | 739 ||| READING scroll labelled NEG ELECARUVVA.
   740 | D:1      | 740 ||| READING scroll labelled POCUEF TEFOTOI.
   741 | D:1      | 741 ||| READING 2 scrolls labelled DUBUNO NEFEC.
   745 | D:1      | 745 ||| READING scroll labelled VUAMUI YMYP.
   745 | D:1      | 745 ||| IDENTIFYING glowing green potion
   746 | D:1      | 746 ||| READING scroll labelled CIZAESTR RIKYU.
   746 | D:1      | 746 ||| BRANDING +0 shortbow.
   747 | D:1      | 747 ||| DROPPING scroll of butterflies.
   953 | D:2      | Reached XP level 3. HP: 20/20 MP: 5/5
  1015 | D:2      | Identified the +0 cloak of the Original Sin {rElec}
  1204 | D:2      | Reached skill level 7 in Ranged Weapons
  1447 | D:2      | Found a runed translucent door.
  1448 | D:2      | Noticed Crazy Yiuf
  1573 | D:2      | 1573 ||| UPGRADING to +0 cloak of the Original Sin {rElec}.
  1578 | D:2      | 1578 ||| READING scroll of identify.
  1578 | D:2      | 1578 ||| IDENTIFYING bubbling silvery potion
  1579 | D:2      | 1579 ||| READING scroll labelled QINYTS NOR CECVU.
  1579 | D:2      | 1579 ||| ENCHANTING +0 heavy shortbow.
  1642 | D:3      | 1642 ||| PLANNING SEWER
  1654 | D:3      | Reached XP level 4. HP: 25/25 MP: 6/6
  1665 | D:3      | Found Paymia's Jewellery Shoppe.
  1676 | D:3      | 1676 ||| SHOPLISTING +6 ring of dexterity (432 gold, have
                  | 115).
  1676 | D:3      | 1676 ||| SHOPLISTING +6 ring of strength (432 gold, have
                  | 115).
  1676 | D:3      | 1676 ||| SHOPLISTING amulet "Pialuemn" {Spirit rF+} (528
                  | gold, have 115).
  1676 | D:3      | 1676 ||| SHOPLISTING amulet of reflection (360 gold, have
                  | 115).
  1676 | D:3      | 1676 ||| SHOPLISTING amulet of regeneration (360 gold, have
                  | 115).
  1676 | D:3      | 1676 ||| SHOPLISTING ring of fire (300 gold, have 115).
  1676 | D:3      | 1676 ||| SHOPLISTING ring of protection from cold (300
                  | gold, have 115).
  1753 | D:3      | Reached skill level 8 in Ranged Weapons
  1762 | D:3      | Found a bloodstained altar of Trog.
  1763 | D:3      | Noticed a wizard
  1769 | D:3      | Killed a wizard
  1852 | D:3      | Reached XP level 5. HP: 29/29 MP: 7/7
  1868 | D:3      | Found a sacrificial altar of Ru.
  1922 | D:3      | Noticed Jessica
  1924 | D:3      | Killed Jessica
  2195 | D:3      | Found a glowing drain.
  2196 | D:3      | 2196 ||| UPGRADING to +0 helmet.
  2201 | D:3      | 2201 ||| READING scroll labelled KARIRPHYTHRO.
  2206 | Sewer    | Entered a sewer
  2225 | Sewer    | Reached XP level 6. HP: 9/34 MP: 8/8
  2226 | Sewer    | HP: 8/34 [poisoned by a kobold brigand]
  2399 | Sewer    | Reached skill level 9 in Ranged Weapons
  2425 | Sewer    | 2425 ||| ZAPPING wand of quicksilver (11) at 0,-5 (kobold
                  | brigand; floor).
  2426 | Sewer    | 2426 ||| ZAPPING wand of quicksilver (10) at 0,-4 (kobold
                  | brigand; floor).
  2427 | Sewer    | 2427 ||| ZAPPING wand of quicksilver (9) at 0,-4 (kobold
                  | brigand; floor).
  2428 | Sewer    | 2428 ||| ZAPPING wand of quicksilver (8) at 0,-3 (kobold
                  | brigand; floor).
  2429 | Sewer    | 2429 ||| ZAPPING wand of quicksilver (7) at 0,-2 (kobold
                  | brigand; floor).
  2669 | Sewer    | 2669 ||| READING scroll of identify.
  2669 | Sewer    | 2669 ||| IDENTIFYING viscous amethyst potion
  2670 | Sewer    | 2670 ||| READING scroll labelled QIMEUSCH PEACOL.
  2671 | Sewer    | 2671 ||| READING scroll labelled PUSUYSHR TAGURE.
  2671 | Sewer    | 2671 ||| ENCHANTING +0 pair of gloves.
  2672 | Sewer    | 2672 ||| READING scroll labelled SIEWAE SAENIU.
  2673 | Sewer    | 2673 ||| DROPPING potion of invisibility.
  2675 | Sewer    | 2675 ||| Stepping ~*~*~tactically~*~*~ (cloud).
  2813 | D:3      | 2813 ||| PLANNING D:1-11
  2985 | D:4      | Reached XP level 7. HP: 25/40 MP: 9/9
  3066 | D:4      | Reached skill level 10 in Ranged Weapons
  3212 | D:4      | Reached skill level 3 in Dodging
  3631 | D:4      | Reached skill level 11 in Ranged Weapons
  3805 | D:4      | 3805 ||| READING 2 scrolls labelled QEZXYNNINO.
  3906 | D:4      | 3906 ||| DRINKING 2 black potions.
  3907 | D:4      | 3907 ||| DRINKING 5 potions of curing.
  3907 | D:4      | 3907 ||| (to cure confusion)
  3908 | D:4      | 3908 ||| DROPPING scroll of vulnerability.
  3909 | D:4      | 3909 ||| DROPPING potion of ambrosia.
  3948 | D:5      | Entered Level 5 of the Dungeon
  4145 | D:5      | Noticed Dowan
  4147 | D:5      | Noticed Duvessa
  4147 | D:5      | Killed Dowan
  4148 | D:5      | 4148 ||| ZAPPING wand of quicksilver (6) at 0,5 (Duvessa;
                  | floor).
  4149 | D:5      | 4149 ||| ZAPPING wand of quicksilver (5) at 0,4 (Duvessa;
                  | floor).
  4150 | D:5      | 4150 ||| ZAPPING wand of quicksilver (4) at 0,2 (Duvessa;
                  | floor).
  4151 | D:5      | 4151 ||| ZAPPING wand of quicksilver (3) at 0,1 (Duvessa;
                  | floor).
  4152 | D:5      | 4152 ||| ZAPPING wand of quicksilver (2) at 0,1 (Duvessa;
                  | floor).
  4153 | D:5      | 4153 ||| ZAPPING wand of quicksilver (1) at 0,1 (Duvessa;
                  | floor).
  4154 | D:5      | Killed Duvessa
  4155 | D:5      | Reached skill level 12 in Ranged Weapons
  4155 | D:5      | Reached XP level 8. HP: 26/45 MP: 10/10
  4234 | D:5      | Found a hazy altar of Hepliaklqana.
  4311 | D:5      | Reached skill level 3 in Fighting
  4327 | D:5      | Identified the +0 cloak of an ice cave {rPois rCorr}
  4343 | D:5      | Found a transporter.
  4345 | D:5      | Noticed qw's ghost (novice DjHu)
  4346 | D:5      | Found a transporter.
  4479 | D:5      | 4479 ||| READING scroll of enchant weapon.
  4479 | D:5      | 4479 ||| ENCHANTING +1 heavy shortbow.
  4724 | D:5      | 4724 ||| UPGRADING to +0 cloak of an ice cave {rPois
                  | rCorr}.
  4734 | D:5      | 4734 ||| READING scroll of identify.
  4734 | D:5      | 4734 ||| IDENTIFYING metallic cyan potion
  4735 | D:5      | 4735 ||| READING scroll labelled XEADGH XUHEPPIC.
  4816 | D:5      | 4816 ||| DRINKING 2 glowing amethyst potions.
  4899 | D:6      | 4899 ||| READING scroll of enchant weapon.
  4899 | D:6      | 4899 ||| ENCHANTING +2 heavy shortbow.
  4910 | D:6      | Noticed Blork the orc
  4920 | D:6      | Killed Blork the orc
  4990 | D:6      | Reached skill level 13 in Ranged Weapons
  5115 | D:6      | Found a staircase to the Ecumenical Temple.
  5116 | D:6      | 5116 ||| PLANNING TEMPLE
  5116 | D:6      | 5116 ||| UPGRADING to amulet of reflection.
  5121 | D:6      | 5121 ||| READING scroll labelled WUCHA EPIOLONY.
  5133 | Temple   | Entered the Ecumenical Temple
  5134 | Temple   | 5134 ||| PLANNING OKAWARU WORSHIP
  5141 | Temple   | Became a worshipper of Warmaster Okawaru
  5142 | Temple   | 5142 ||| PLANNING D:1-11
  5331 | D:6      | Found a shimmering blue altar of Sif Muna.
  5423 | D:6      | Reached skill level 14 in Ranged Weapons
  5483 | D:6      | Found a broken altar of Ashenzari.
  5693 | D:7      | 5693 ||| STAIRDANCE
  5746 | D:7      | Reached XP level 9. HP: 51/51 MP: 11/11
  5938 | D:7      | HP: 5/52 [orc priest/divine providence (9)]
  5939 | D:7      | 5939 ||| READING 3 scrolls of teleportation.
  5939 | D:7      | Killed from afar by an orc wizard

Levels and vault maps discovered:
D:1:      nzn_arrival_crosshair, layout_loops_ring,
          hellmonk_ecumenical_altar_run_dry
D:2:      layout_loops_corners, serial_glass, glass_columns_a, glass_columns_a,
          uniq_crazy_yiuf_cottage
D:3:      layout_basic, mainiacjoe_overflow_tiny_flanked, trog_wizard,
          portal_sewer_entry_e, serial_shops, shop, uniq_jessica
D:4:      layout_layer_cave
D:5:      layout_basic, lemuel_doored_altar, gammafunk_ghost_arena,
          kennysheep_generic_room_9, uniq_duvessa
D:6:      layout_basic, nicolae_sif_muna_condensation,
          cheibrodos_ashenzari_chains, minmay_temple_entry_mini_moons,
          st_stairs_14, supply_closet_lemuel, corexii_checkpoint,
          uniq_blork_the_orc
D:7:      layout_basic, nrook_mini_backslash
Temple:   hellmonk_temple_forest_ring

Skill      XL: |  1  2  3  4  5  6  7  8  9 |
---------------+----------------------------+-----
Ranged Weapons | 6 7 8 9 12 14 | 14.0
Armour         | 2 |  2.0
Fighting       | 2 3 4 |  4.0
Dodging        | 3 5 |  5.5
Stealth        | |  1.2

Action                     |  1- 3 |  4- 6 |  7- 9 || total
---------------------------+-------+-------+-------++-------
   Fire: Shortbow          |    99 |   104 |   168 ||   371
  Evoke: Wand              |       |     5 |     6 ||    11
    Use: Scroll            |     7 |     5 |     7 ||    19
         Potion            |       |       |     3 ||     3
 Armour: Leather armour    |    15 |       |       ||    15
         Ring mail         |     8 |    26 |    38 ||    72
  Dodge: Dodged            |    19 |    58 |    25 ||   102
  Block: Other             |       |       |     2 ||     2

Table legend:
 A = Non-vault XP
 B = Vault XP
 C = Vault XP percentage of total XP
 D = Non-vault monster count
 E = Vault monster count
 F = Vault count percentage of total count
                 A         B        C        D         E       F
            +---------+---------+-------+---------+---------+-------
      Total |    2414 |     827 |  25.5 |     118 |      31 |  20.8
            +---------+---------+-------+---------+---------+-------
        D:1 |      37 |       0 |   0.0 |      23 |       0 |   0.0
        D:2 |      49 |       0 |   0.0 |      18 |       0 |   0.0
        D:3 |     145 |      37 |  20.3 |      23 |       1 |   4.2
        D:4 |     490 |       0 |   0.0 |      15 |       0 |   0.0
        D:5 |     327 |     215 |  39.7 |       9 |       3 |  25.0
        D:6 |     736 |     192 |  20.7 |      16 |       4 |  20.0
        D:7 |     630 |       0 |   0.0 |      14 |       0 |   0.0
      Sewer |       0 |     383 | 100.0 |       0 |      23 | 100.0
            +---------+---------+-------+---------+---------+-------
